AoeStats
← jmplante19

Black Forest

507411872Analyzed
3v3 RM · 13d ago on Sep 18, 2026· 44m 11s· 6 players
Game mode
Random Map
Map size
Normal (6 player)
Population
200
Speed
Normal
Resources
Standard
Victory
Conquest
Starting age
Dark Age
Ending age
Imperial Age
RankedLock teamsTeams togetherTeam positionsShared explorationLock speedFull tech treeHidden civsTurbo modeCheats
Victory
Defeat
🇨🇦 Britons · Canada
721
+8
🇨🇦 Vietnamese · Canada
702
+8
🇨🇦 Persians · Canada
613
+12
🇺🇸 Khitans · United States
638
-14
🇨🇱 Italians · Chile
466
-7
🇪🇸 Khmer · Spain
456
-7
Karma_Slays
14:55 Feudal Age
16:39 Domestication
16:51 Double-Bit Axe
21:35 Gold Mining
24:15 Castle Age
24:29 Wheelbarrow
24:38 Scale Mail Armor
26:30 Pastoralism
29:01 Hand Cart
29:42 Husbandry
30:49 Scale Barding Armor
35:05 Chain Barding Armor
34:57 Forging
37:53 Imperial Age
37:36 Bow Saw
39:25 Heavy Rocket Cart
41:56 Plate Barding Armor
41:57 Iron Casting
ruben92_7
13:49 Feudal Age
15:11 Wheelbarrow
22:51 Castle Age
30:48 Tusk Swords
31:34 Hand Cart
benjamintorres755
10:29 Feudal Age
29:27 Castle Age
snippypannic
1:21 Loom
12:18 Feudal Age
13:17 Double-Bit Axe
14:13 Horse Collar
19:06 Castle Age
20:24 Bow Saw
23:37 Gold Mining
23:37 Stone Mining
24:34 Wheelbarrow
26:47 Gold Shaft Mining
28:33 Pikeman
33:17 Imperial Age
32:03 Hand Cart
32:44 Yeomen
32:16 Fletching
32:27 Padded Archer Armor
35:23 Two-Man Saw
34:10 Town Watch
36:15 Man-at-Arms
36:40 Gambesons
36:16 Halberdier
36:57 Squires
38:23 Bodkin Arrow
37:51 Elite Longbowman
39:15 Conscription
39:11 Long Swordsman
39:54 Bracer
40:10 Leather Archer Armor
42:34 Ring Archer Armor
42:52 Warwolf
TheLabRat
7:41 Loom
8:13 Loom
11:20 Feudal Age
13:08 Double-Bit Axe
13:07 Horse Collar
14:46 Wheelbarrow
22:06 Castle Age
20:41 Stone Mining
20:44 Gold Mining
22:47 Bow Saw
23:32 Hand Cart
23:39 Heavy Plow
26:26 Stone Shaft Mining
26:29 Gold Shaft Mining
34:11 Imperial Age
32:56 Husbandry
33:08 Bloodlines
34:01 Forging
34:26 Caravan
35:40 Two-Man Saw
35:53 Crop Rotation
38:13 Iron Casting
39:36 Hoardings
39:22 Conscription
39:17 Citadels
41:14 Blast Furnace
40:27 Kamandaran
41:15 Cavalier
jmplante19
12:04 Feudal Age
18:22 Castle Age
17:38 Double-Bit Axe
24:13 Wheelbarrow
24:16 Bow Saw
25:18 Hand Cart
25:29 Gold Mining
25:58 Horse Collar
30:24 Imperial Age
30:13 Heavy Plow
30:02 Pikeman
30:44 Squires
32:17 Chemistry
31:06 Man-at-Arms
31:28 Halberdier
34:49 Long Swordsman
36:10 Husbandry
36:20 Bloodlines
35:35 Two-Handed Swordsman
37:05 Elite Battle Elephant
38:06 Scale Barding Armor
38:12 Forging
38:03 Padded Archer Armor
37:54 Fletching
38:04 Scale Mail Armor
39:30 Stone Mining
39:33 Champion
42:22 Chain Barding Armor
43:10 Iron Casting
42:53 Chatras
Connection lost

Rejoining the realm…

Still unreachable

The connection could not be restored.

Session expired

The server has moved on; the page needs a fresh start.